TOP OF THE 1ST |
State College Spikes batting - Pitching for Hillsboro Hops : RHP Dan Thompson
|
Pitching: RHP Dan Thompson
|
|
Batting: RHB Fortunato Fteira
|
0-0: Swinging Strike 0-1: Ball 1-1: Called Strike 1-2: Strikes out looking
|
Batting: SHB Hank Arias
|
0-0: Called Strike 0-1: Ball 1-1: Swinging Strike 1-2: Ball 2-2: Strikes out swinging
|
Batting: RHB Josh Martin
|
0-0: Called Strike 0-1: Fly out, F7 (Flyball, 7, EV 83.1 MPH)
|
Top of the 1st over - 0 runs, 0 hits, 0 errors, 0 left on base; State College 0 - Hillsboro 0 |
BOTTOM OF THE 1ST |
Hillsboro Hops batting - Pitching for State College Spikes : RHP Mike Zimmerly
|
Pitching: RHP Mike Zimmerly
|
|
Batting: RHB Brandon Joshua
|
0-0: Bunt for hit to 13S - play at first, batter OUT! 1-3
|
Batting: RHB Yasuo Nakata
|
0-0: Called Strike 0-1: Swinging Strike 0-2: Ball 1-2: Ball 2-2: Strikes out swinging
|
Batting: RHB Chad Mendoza
|
0-0: Fly out, F8 (Flyball, 8LD, EV 103.1 MPH)
|
Bottom of the 1st over - 0 runs, 0 hits, 0 errors, 0 left on base; State College 0 - Hillsboro 0 |
TOP OF THE 2ND |
State College Spikes batting - Pitching for Hillsboro Hops : RHP Dan Thompson
|
Batting: RHB Jose Jimenez
|
0-0: Ground out 6-3 (Groundball, 6S, EV 93.8 MPH)
|
Batting: RHB Tyler Walker
|
0-0: Ball 1-0: Called Strike 1-1: Ball 2-1: Ball 3-1: Ground out 6-3 (Groundball, P, EV 78.8 MPH)
|
Batting: RHB Vic Nelson
|
0-0: Ball 1-0: Ground out 3-1 (Groundball, 34, EV 101.9 MPH)
|
Top of the 2nd over - 0 runs, 0 hits, 0 errors, 0 left on base; State College 0 - Hillsboro 0 |
BOTTOM OF THE 2ND |
Hillsboro Hops batting - Pitching for State College Spikes : RHP Mike Zimmerly
|
Batting: LHB Dillon Rizzuto
|
0-0: Called Strike 0-1: Ball 1-1: SINGLE (Groundball, 5L, EV 87.5 MPH) (infield hit)
|
Batting: RHB Jeremy Coffey
|
0-0: Ball 1-0: Called Strike 1-1: SINGLE (Line Drive, 3L, EV 108.1 MPH) Dillon Rizzuto to second
|
Batting: LHB Soo-yeon Kym
|
0-0: Ball 1-0: Fielders Choice at 2nd, 1-4 (Groundball, 15S, EV 66.2 MPH) Dillon Rizzuto to third
|
Batting: SHB Mike Kiefer
|
0-0: Ball 1-0: Called Strike 1-1: Swinging Strike 1-2: Ball 2-2: Foul Ball, location: 2F 2-2: Strikes out looking
|
Batting: RHB Jeremy Adams
|
0-0: Ball 1-0: Ball 2-0: Ball 3-0: Base on Balls Soo-yeon Kym to second
|
Batting: RHB Trevor Corey
|
0-0: Called Strike 0-1: Ball 1-1: Called Strike 1-2: Strikes out swinging
|
Bottom of the 2nd over - 0 runs, 2 hits, 0 errors, 3 left on base; State College 0 - Hillsboro 0 |
TOP OF THE 3RD |
State College Spikes batting - Pitching for Hillsboro Hops : RHP Dan Thompson
|
Batting: RHB Richard Riggs
|
0-0: Ball 1-0: Called Strike 1-1: Ball 2-1: DOUBLE (Groundball, 5L, EV 95.0 MPH)
|
Batting: RHB Bernard Claude
|
0-0: Called Strike 0-1: Ball 1-1: Ball 2-1: Fly out, F8 (Flyball, 8RM, EV 91.9 MPH)
|
Batting: RHB Ray Souza
|
0-0: Foul Ball, location: 2F 0-1: Foul Ball, location: 2F 0-2: Ball 1-2: Ground out 5-3 (Groundball, 56S, EV 88.8 MPH)
|
Batting: RHB Fortunato Fteira
|
0-0: Ground out 4-3 (Groundball, 4, EV 82.5 MPH)
|
Top of the 3rd over - 0 runs, 1 hit, 0 errors, 1 left on base; State College 0 - Hillsboro 0 |
BOTTOM OF THE 3RD |
Hillsboro Hops batting - Pitching for State College Spikes : RHP Mike Zimmerly
|
Batting: RHB Brandon Joshua
|
0-0: Ball 1-0: Foul Ball, location: 2F 1-1: Foul Ball, location: 2F 1-2: SINGLE (Groundball, 5S, EV 75.0 MPH) (infield hit)
|
Pinch Runner at 1st Bryan Shuller:
|
|
Batting: RHB Yasuo Nakata
|
0-0: Called Strike 0-1: SINGLE (Line Drive, 89M, EV 104.4 MPH) Bryan Shuller to second
|
Batting: RHB Chad Mendoza
|
0-0: Grounds into double play, 6-4-3 (Groundball, 56, EV 88.1 MPH) Bryan Shuller to third
|
Batting: LHB Dillon Rizzuto
|
0-0: 2-RUN HOME RUN (Flyball, 89XD, EV 105.6 MPH), Distance : 441 ft
|
Batting: RHB Jeremy Coffey
|
0-0: Ball 1-0: Ball 2-0: Called Strike 2-1: Called Strike 2-2: Foul Ball, location: 2F 2-2: Ball 3-2: Foul Ball, location: 2F 3-2: Ground out 5-3 (Groundball, 56, EV 86.9 MPH)
|
Bottom of the 3rd over - 2 runs, 3 hits, 0 errors, 0 left on base; State College 0 - Hillsboro 2 |
TOP OF THE 4TH |
State College Spikes batting - Pitching for Hillsboro Hops : RHP Dan Thompson
|
Now at SS: Bryan Shuller
|
|
Batting: SHB Hank Arias
|
0-0: Called Strike 0-1: Ball 1-1: Ball 2-1: Swinging Strike 2-2: Strikes out looking
|
Batting: RHB Josh Martin
|
0-0: Ball 1-0: Ball 2-0: Ball 3-0: Base on Balls
|
Batting: RHB Jose Jimenez
|
0-0: Called Strike Josh Martin steals 2nd base 0-1: Ball Josh Martin steals 3rd base 1-1: Called Strike 1-2: SINGLE (Groundball, 56, EV 98.1 MPH) Josh Martin scores
|
Batting: RHB Tyler Walker
|
0-0: Foul Ball, location: 2F 0-1: Swinging Strike 0-2: Ball Wild Pitch! Jose Jimenez to second 1-2: Strikes out looking
|
Batting: RHB Vic Nelson
|
0-0: Foul Ball, location: 2F 0-1: Ground out 1-3 (Groundball, 13, EV 71.9 MPH)
|
Top of the 4th over - 1 run, 1 hit, 0 errors, 1 left on base; State College 1 - Hillsboro 2 |
BOTTOM OF THE 4TH |
Hillsboro Hops batting - Pitching for State College Spikes : RHP Mike Zimmerly
|
Batting: LHB Soo-yeon Kym
|
0-0: DOUBLE (Line Drive, 8RXD, EV 109.4 MPH)
|
Batting: SHB Mike Kiefer
|
0-0: Ball 1-0: Foul Ball, location: 2F 1-1: Ball 2-1: Foul Ball, location: 2F 2-2: Strikes out swinging
|
Batting: RHB Jeremy Adams
|
0-0: Ball 1-0: Ball 2-0: Foul Ball, location: 2F 2-1: Foul Ball, location: 2F 2-2: Fly out, F7 (Flyball, 8LS, EV 97.5 MPH)
|
Batting: RHB Trevor Corey
|
0-0: Ball 1-0: Foul Ball, location: 2F 1-1: Ball 2-1: Ball 3-1: Base on Balls
|
Batting: RHB Bryan Shuller
|
0-0: Ball 1-0: Swinging Strike 1-1: Fielders Choice at 2nd, 6-4 (Groundball, 6, EV 109.4 MPH)
|
Bottom of the 4th over - 0 runs, 1 hit, 0 errors, 2 left on base; State College 1 - Hillsboro 2 |
TOP OF THE 5TH |
State College Spikes batting - Pitching for Hillsboro Hops : RHP Dan Thompson
|
Batting: RHB Richard Riggs
|
0-0: Ball 1-0: Ball 2-0: Ball 3-0: Called Strike 3-1: Base on Balls
|
Batting: RHB Bernard Claude
|
0-0: Ball Richard Riggs steals 2nd base 1-0: Ball 2-0: Swinging Strike 2-1: Swinging Strike 2-2: DOUBLE (Line Drive, 3D, EV 95.0 MPH) Richard Riggs scores
|
Batting: RHB Ray Souza
|
0-0: Foul Ball, location: 2F 0-1: Foul Ball, location: 2F 0-2: Ball 1-2: DOUBLE (Groundball, 5L, EV 102.5 MPH) Bernard Claude scores
|
Batting: RHB Fortunato Fteira
|
0-0: Called Strike 0-1: Swinging Strike 0-2: Foul Ball, location: 2F 0-2: Ball 1-2: Ball 2-2: Foul Ball, location: 2F 2-2: SINGLE (Flyball, 8RS, EV 100.6 MPH) Ray Souza to third
|
Batting: SHB Hank Arias
|
0-0: Called Strike Fortunato Fteira steals 2nd base 0-1: Ball 1-1: Ball 2-1: Ball 3-1: Called Strike 3-2: Base on Balls
|
Batting: RHB Josh Martin
|
0-0: Foul Ball, location: 2F 0-1: Foul Ball, location: 2F 0-2: Ball 1-2: Fly out, F8 (Flyball, 8RXD, EV 108.8 MPH) Runner from 3rd tags up, SCORES, no throw by CF Fortunato Fteira to third
|
Batting: RHB Jose Jimenez
|
0-0: Ball Hank Arias steals 2nd base (no throw) 1-0: Foul Ball, location: 2F 1-1: Swinging Strike 1-2: Strikes out swinging
|
Pitching: RHP Rick Foster
|
|
Batting: RHB Tyler Walker
|
0-0: Ball 1-0: Foul Ball, location: 2F 1-1: Ball 2-1: Ball 3-1: Swinging Strike 3-2: SINGLE (Flyball, 89S, EV 86.9 MPH) Fortunato Fteira scores Hank Arias to third
|
Batting: RHB Vic Nelson
|
0-0: Called Strike 0-1: SINGLE (Groundball, 4D, EV 105.6 MPH) Hank Arias scores Tyler Walker to second
|
Batting: RHB Richard Riggs
|
0-0: Swinging Strike 0-1: Ball 1-1: Ball 2-1: Foul Ball, location: 2F 2-2: Foul Ball, location: 2F 2-2: Ball 3-2: Base on Balls Tyler Walker to third Vic Nelson to second
|
Batting: RHB Bernard Claude
|
0-0: Swinging Strike Balk! Tyler Walker scores Vic Nelson to third Richard Riggs to second 0-1: TRIPLE (Line Drive, 9LD, EV 108.1 MPH) Vic Nelson scores Richard Riggs scores
|
Batting: RHB Ray Souza
|
0-0: DOUBLE (Line Drive, 89D, EV 103.8 MPH) Bernard Claude scores
|
Pitching: LHP Heath Henderson
|
|
Batting: RHB Fortunato Fteira
|
0-0: Ball 1-0: Ball 2-0: Ball 3-0: Base on Balls
|
Batting: SHB Hank Arias
|
0-0: Called Strike 0-1: Ball 1-1: Ball 2-1: Called Strike 2-2: Ball Wild Pitch! Ray Souza to third Fortunato Fteira to second 3-2: Base on Balls
|
Batting: RHB Josh Martin
|
0-0: Ball 1-0: Foul Ball, location: 2F 1-1: Ball 2-1: Called Strike 2-2: Foul Ball, location: 2F 2-2: Strikes out swinging
|
Top of the 5th over - 9 runs, 7 hits, 0 errors, 3 left on base; State College 10 - Hillsboro 2 |
BOTTOM OF THE 5TH |
Hillsboro Hops batting - Pitching for State College Spikes : RHP Mike Zimmerly
|
Batting: RHB Yasuo Nakata
|
0-0: Ball 1-0: Ball 2-0: Ball 3-0: Called Strike 3-1: Called Strike 3-2: Strikes out swinging
|
Batting: RHB Chad Mendoza
|
0-0: Ball 1-0: Ball 2-0: Ball 3-0: Called Strike 3-1: Base on Balls
|
Batting: LHB Dillon Rizzuto
|
0-0: Foul Ball, location: 2F 0-1: Ball Balk! Chad Mendoza to second 1-1: Ball 2-1: Ball 3-1: Called Strike 3-2: Strikes out swinging
|
Batting: RHB Jeremy Coffey
|
0-0: Ball 1-0: Foul Ball, location: 2F 1-1: Ball 2-1: Swinging Strike 2-2: Ground out 6-3 (Groundball, 6, EV 85.6 MPH)
|
Bottom of the 5th over - 0 runs, 0 hits, 0 errors, 1 left on base; State College 10 - Hillsboro 2 |
BOTTOM OF THE 6TH |
Hillsboro Hops batting - Pitching for State College Spikes : RHP Mike Zimmerly
|
Batting: LHB Soo-yeon Kym
|
0-0: DOUBLE (Line Drive, 89D, EV 108.1 MPH)
|
Batting: SHB Mike Kiefer
|
0-0: Foul Ball, location: 2F 0-1: Ground out U3 (Groundball, 3, EV 79.4 MPH) Soo-yeon Kym to third
|
Batting: RHB Jeremy Adams
|
0-0: Ball 1-0: Fly out, F8 (Flyball, 89S, EV 86.9 MPH)
|
Batting: RHB Trevor Corey
|
0-0: Swinging Strike 0-1: Swinging Strike Balk! Soo-yeon Kym scores 0-2: Strikes out looking
|
Bottom of the 6th over - 1 run, 1 hit, 0 errors, 0 left on base; State College 11 - Hillsboro 3 |
TOP OF THE 7TH |
State College Spikes batting - Pitching for Hillsboro Hops : RHP John Petersen
|
Batting: RHB Fortunato Fteira
|
0-0: Foul Ball, location: 2F 0-1: Foul Ball, location: 2F 0-2: Ball 1-2: Ball 2-2: DOUBLE (Flyball, 78XD, EV 107.5 MPH)
|
Pitching: RHP Tom Alatas
|
|
Batting: SHB Hank Arias
|
0-0: Ball 1-0: Ground out 1-3 (Groundball, 13, EV 74.4 MPH) Fortunato Fteira to third
|
Pinch Hitting: RHB Tim Cleary
|
0-0: Ball 1-0: Ball 2-0: Ball 3-0: Called Strike 3-1: Base on Balls
|
Batting: RHB Jose Jimenez
|
0-0: Called Strike 0-1: Ball 1-1: Ball 2-1: Ball 3-1: Base on Balls Tim Cleary to second
|
Batting: RHB Tyler Walker
|
0-0: Called Strike 0-1: Called Strike 0-2: Foul Ball, location: 2F 0-2: Foul Ball, location: 2F 0-2: Strikes out swinging
|
Batting: RHB Vic Nelson
|
0-0: Called Strike 0-1: Called Strike 0-2: Foul Ball, location: 2F 0-2: SINGLE (Groundball, 56D, EV 101.2 MPH) Fortunato Fteira scores Tim Cleary to third Jose Jimenez to second
|
Batting: RHB Richard Riggs
|
0-0: Called Strike 0-1: Called Strike 0-2: Foul Ball, location: 2F 0-2: Ball 1-2: Ball 2-2: Ball 3-2: Base on Balls Tim Cleary scores Jose Jimenez to third Vic Nelson to second
|
Pitching: LHP Andy Wilmoth
|
|
Batting: RHB Bernard Claude
|
0-0: Called Strike 0-1: Ball 1-1: Foul Ball, location: 2F 1-2: SINGLE (Groundball, 34D, EV 95.6 MPH) Jose Jimenez scores Vic Nelson to third Richard Riggs to second Runner from 3rd tries for Home, SAFE, throw by RF to home Richard Riggs to third Bernard Claude to second
|
Batting: RHB Ray Souza
|
0-0: Ball 1-0: Ball 2-0: Ball 3-0: Called Strike 3-1: Base on Balls
|
Batting: RHB Fortunato Fteira
|
0-0: Ball 1-0: Swinging Strike 1-1: Foul Ball, location: 2F 1-2: Ball Wild Pitch! Richard Riggs scores Bernard Claude to third Ray Souza to second 2-2: Ball 3-2: Foul Ball, location: 2F 3-2: SINGLE (Groundball, 56D, EV 100.0 MPH) Bernard Claude scores Ray Souza to third Runner from 3rd tries for Home, SAFE, throw by LF to home
|
Batting: SHB Hank Arias
|
0-0: Ball 1-0: Foul Ball, location: 2F 1-1: Called Strike 1-2: SINGLE (Groundball, 5S, EV 70.0 MPH) (infield hit) Fortunato Fteira to second
|
Batting: RHB Tim Cleary
|
0-0: Foul Ball, location: 2F 0-1: Called Strike 0-2: Ball 1-2: 3-RUN HOME RUN (Flyball, 7D, EV 103.1 MPH), Distance : 401 ft
|
Pitching: RHP Larry Valencia
|
|
Batting: RHB Jose Jimenez
|
0-0: Called Strike 0-1: Ball 1-1: Ball 2-1: Ball 3-1: Base on Balls
|
Batting: RHB Tyler Walker
|
0-0: Ball 1-0: Called Strike 1-1: Ball 2-1: Foul Ball, location: 2F Balk! Jose Jimenez to second 2-2: Ball 3-2: Base on Balls
|
Batting: RHB Vic Nelson
|
Balk! Jose Jimenez to third Tyler Walker to second 0-0: Called Strike 0-1: Called Strike 0-2: Foul Ball, location: 2F 0-2: SINGLE (Line Drive, 8LM, EV 88.1 MPH) Jose Jimenez scores Tyler Walker to third
|
Batting: RHB Richard Riggs
|
0-0: Ball Wild Pitch! Tyler Walker scores Vic Nelson to second 1-0: Called Strike 1-1: Ground out U3 (Groundball, 3, EV 105.6 MPH)
|
Top of the 7th over - 12 runs, 7 hits, 0 errors, 1 left on base; State College 23 - Hillsboro 3 |
BOTTOM OF THE 7TH |
Hillsboro Hops batting - Pitching for State College Spikes : RHP Mike Zimmerly
|
Pitching: LHP Carlos Salcido
|
|
Now at SS: Tim Cleary
|
|
Batting: RHB Bryan Shuller
|
0-0: Fly out, F9 (Flyball, 9LD, EV 100.6 MPH)
|
Batting: RHB Yasuo Nakata
|
0-0: Called Strike 0-1: Foul Ball, location: 2F 0-2: Ground out 6-3 (Groundball, 6, EV 103.8 MPH)
|
Batting: RHB Chad Mendoza
|
0-0: Ball 1-0: Ground out 3-1 (Groundball, 34, EV 86.2 MPH)
|
Bottom of the 7th over - 0 runs, 0 hits, 0 errors, 0 left on base; State College 23 - Hillsboro 3 |
TOP OF THE 8TH |
State College Spikes batting - Pitching for Hillsboro Hops : RHP Larry Valencia
|
Batting: RHB Bernard Claude
|
0-0: Hit by Pitch
|
Batting: RHB Ray Souza
|
0-0: Ball 1-0: Called Strike 1-1: Ball 2-1: Called Strike 2-2: Foul Ball, location: 2F Balk! Bernard Claude to second 2-2: Foul Ball, location: 2F 2-2: Ball 3-2: Foul Ball, location: 2F 3-2: Foul Ball, location: 2F 3-2: Foul Ball, location: 2F 3-2: Base on Balls
|
Batting: RHB Fortunato Fteira
|
0-0: Ball 1-0: Ball 2-0: Called Strike 2-1: SINGLE (Line Drive, 89M, EV 103.1 MPH) Bernard Claude to third Ray Souza to second
|
Pitching: RHP Larry Hardman
|
|
Batting: SHB Hank Arias
|
0-0: DOUBLE (Flyball, 8RXD, EV 102.5 MPH) Bernard Claude scores Ray Souza scores Fortunato Fteira to third
|
Batting: RHB Tim Cleary
|
0-0: SINGLE (Line Drive, 6MD, EV 96.9 MPH) Fortunato Fteira scores Hank Arias to third
|
Batting: RHB Jose Jimenez
|
0-0: Ball 1-0: Grounds into double play, 6-4-3 (Groundball, 6, EV 78.1 MPH) Hank Arias scores
|
Batting: RHB Tyler Walker
|
0-0: Foul Ball, location: 2F 0-1: Ball 1-1: Foul Ball, location: 2F 1-2: Ball 2-2: Ground out 1-3 (Groundball, 13, EV 67.5 MPH)
|
Top of the 8th over - 4 runs, 3 hits, 0 errors, 0 left on base; State College 27 - Hillsboro 3 |
BOTTOM OF THE 8TH |
Hillsboro Hops batting - Pitching for State College Spikes : LHP Carlos Salcido
|
Batting: LHB Dillon Rizzuto
|
0-0: Ball 1-0: Called Strike 1-1: Foul Ball, location: 2F 1-2: Ball 2-2: Foul Ball, location: 2F 2-2: Foul Ball, location: 2F 2-2: Ball 3-2: Strikes out swinging
|
Batting: RHB Jeremy Coffey
|
0-0: Foul Ball, location: 2F 0-1: Called Strike 0-2: Strikes out swinging
|
Batting: LHB Soo-yeon Kym
|
0-0: Ball 1-0: DOUBLE (Line Drive, 9LM, EV 92.5 MPH)
|
Batting: SHB Mike Kiefer
|
0-0: Ball 1-0: Ball 2-0: Ball 3-0: Called Strike 3-1: Foul Ball, location: 2F 3-2: Foul Ball, location: 2F 3-2: DOUBLE (Flyball, 89XD, EV 91.9 MPH) Soo-yeon Kym scores
|
Pitching: RHP Ed Puentes
|
|
Batting: RHB Jeremy Adams
|
0-0: Swinging Strike 0-1: Foul Ball, location: 2F 0-2: Ball 1-2: Ball 2-2: Foul Ball, location: 2F 2-2: Strikes out swinging
|
Bottom of the 8th over - 1 run, 2 hits, 0 errors, 1 left on base; State College 27 - Hillsboro 4 |
TOP OF THE 9TH |
State College Spikes batting - Pitching for Hillsboro Hops : RHP Larry Hardman
|
Batting: RHB Vic Nelson
|
0-0: Ball 1-0: Foul Ball, location: 2F 1-1: Called Strike 1-2: Ball 2-2: Ball 3-2: Strikes out swinging
|
Batting: RHB Richard Riggs
|
0-0: Ground out 6-3 (Groundball, 6, EV 111.2 MPH)
|
Batting: RHB Bernard Claude
|
0-0: Foul Ball, location: 2F 0-1: Ball 1-1: Ball 2-1: Called Strike 2-2: Ball 3-2: Base on Balls
|
Pitching: LHP Afanasy Apatenko
|
|
Pinch Hitting: RHB Joe Myers
|
0-0: Ball 1-0: Swinging Strike 1-1: Ball 2-1: Foul Ball, location: 2F 2-2: Ball 3-2: Base on Balls Bernard Claude to second
|
Batting: RHB Fortunato Fteira
|
0-0: Ball 1-0: Ball 2-0: Ball 3-0: Called Strike 3-1: Base on Balls Bernard Claude to third Joe Myers to second
|
Batting: SHB Hank Arias
|
0-0: Called Strike 0-1: Foul Ball, location: 2F 0-2: Foul Ball, location: 2F 0-2: Ball 1-2: Ball 2-2: Foul Ball, location: 2F 2-2: Ball 3-2: Foul Ball, location: 2F 3-2: Foul Ball, location: 2F 3-2: Foul Ball, location: 2F 3-2: DOUBLE (Flyball, 89D, EV 95.0 MPH) Bernard Claude scores Joe Myers scores Fortunato Fteira to third Fortunato Fteira scores
|
Pitching: RHP Adam Maida
|
|
Batting: RHB Tim Cleary
|
0-0: Ball 1-0: Ball 2-0: Ball 3-0: Base on Balls
|
Batting: RHB Jose Jimenez
|
0-0: Ball 1-0: Ball 2-0: Fly out, F8 (Flyball, 8RD, EV 94.4 MPH)
|
Top of the 9th over - 3 runs, 1 hit, 0 errors, 2 left on base; State College 30 - Hillsboro 4 |
BOTTOM OF THE 9TH |
Hillsboro Hops batting - Pitching for State College Spikes : RHP Ed Puentes
|
Now at C: Joe Myers
|
|
Batting: RHB Trevor Corey
|
0-0: Foul Ball, location: 2F 0-1: Ball 1-1: Ball 2-1: Ball 3-1: Called Strike 3-2: Foul Ball, location: 2F 3-2: Base on Balls
|
Batting: RHB Bryan Shuller
|
0-0: Ball 1-0: Ball Passed Ball! Trevor Corey to second 2-0: Called Strike 2-1: Foul Ball, location: 2F 2-2: Foul Ball, location: 2F 2-2: Ball 3-2: Foul Ball, location: 2F 3-2: Base on Balls
|
Pitching: RHP Joe Cornell
|
|
Batting: RHB Yasuo Nakata
|
0-0: Ball 1-0: Ball 2-0: Ball 3-0: Base on Balls Trevor Corey to third Bryan Shuller to second
|
Batting: RHB Chad Mendoza
|
0-0: Swinging Strike 0-1: DOUBLE (Line Drive, 78D, EV 105.0 MPH) Trevor Corey scores Bryan Shuller scores Yasuo Nakata to third
|
Batting: LHB Dillon Rizzuto
|
0-0: Called Strike 0-1: Ball 1-1: Ground out 4-3 (Groundball, 4S, EV 86.2 MPH) Yasuo Nakata scores Chad Mendoza to third
|
Batting: RHB Jeremy Coffey
|
0-0: Called Strike 0-1: Ground out 6-3 (Groundball, 56, EV 107.5 MPH) Chad Mendoza scores
|
Batting: LHB Soo-yeon Kym
|
0-0: SINGLE (Groundball, 34D, EV 101.9 MPH)
|
Batting: SHB Mike Kiefer
|
0-0: Foul Ball, location: 2F 0-1: Swinging Strike 0-2: Foul Ball, location: 2F 0-2: Strikes out swinging
|
Bottom of the 9th over - 4 runs, 2 hits, 0 errors, 1 left on base; State College 30 - Hillsboro 8 |
|